 Dungeon Crawl Stone Soup version 0.26.0-57-g60708a5e39 (webtiles) character file.

Game seed: 706198106093000733

214 Gadfly the Cudgeller (level 5, -1/50 HPs)
             Began as an Ogre Gladiator on Feb 2, 2021.
             Slain by a gnoll
             ... wielding a +0 flail
              (11 damage)
             ... on level 3 of the Dungeon.
             The game lasted 00:03:31 (3498 turns).

Gadfly the Cudgeller (Ogre Gladiator)               Turns: 3498, Time: 00:03:32

Health: -1/50      AC:  4    Str: 19    XL:     5   Next: 92%
Magic:  6/6        EV: 10    Int:  9    God:
Gold:   106        SH:  0    Dex: 10    Spells: 4/4 levels left

rFire    . . .     SeeInvis .   b - +1 morningstar
rCold    . . .     Faith    .   (no shield)
rNeg     . . .     Spirit   .   j - +0 animal skin
rPois    .         Reflect  .   c - +1 hat
rElec    .         Harm     .   (no cloak)
rCorr    .         Rampage  .   (gloves unavailable)
Will     .....                  (boots unavailable)
Stlth    +.........             (no amulet)
HPRegen  0.16/turn              (no ring)
MPRegen  0.10/turn              (no ring)

@: no status effects
A: large, unfitting armour, tough skin 1
a: no special abilities


You were on level 3 of the Dungeon.
You visited 1 branch of the dungeon, and saw 3 of its levels.

You collected 106 gold pieces.

Inventory:

Hand Weapons
 a - a +0 flail
 b - a +1 morningstar (weapon)
Missiles
 d - 3 throwing nets
 h - 36 stones (quivered)
Armour
 c - a +1 hat (worn)
 j - a +0 animal skin (worn)
Scrolls
 k - 3 scrolls of remove curse
 p - a scroll of identify
Potions
 e - a potion of curing
 f - a potion of might
 g - a potion of lignification
 i - a potion of flight {unknown}
 l - a potion of berserk rage
 m - a potion of cancellation {unknown}
 n - a potion of resistance {unknown}
 o - 2 potions of invisibility {unknown}


   Skills:
 - Level 2.6 Fighting
 + Level 3.2 Maces & Flails
 + Level 2.6 Throwing
 * Level 2.1 Armour
 - Level 2.6 Dodging
 * Level 2.5 Invocations
 * Level 2.1 Evocations


You had 4 spell levels left.
You didn't know any spells.
Your spell library was empty.

Dungeon Overview and Level Annotations

Branches:
Dungeon (3/15)

Altars:
Kikubaaqudgha
Wu Jian


Innate Abilities, Weirdness & Mutations

You are too large for most types of armour.
You have tough skin. (AC +1)


Message History

The adder bites you but does no damage.
You sock the adder!
You kill the adder!
You closely miss the gnoll. The gnoll hits you with a +0 flail.
The gnoll hits you but does no damage.
You barely miss the gnoll.
A hobgoblin comes into view. It is wielding a +0 club.
The gnoll completely misses you.
The hobgoblin shouts!
You hit the gnoll.
The gnoll is lightly wounded.
The gnoll hits you with a +0 flail!
* * * LOW HITPOINT WARNING * * *
You hit the gnoll.
The gnoll is heavily wounded.
The gnoll closely misses you.
You closely miss the gnoll.
The gnoll is heavily wounded.
The gnoll hits you with a +0 flail!
You die...

### ##### #.. .....
#.# #.... #.# #... #.#
#..# #.# #..# #.# #..#
######.###).####.#
####..........gg@...#
.....###.####..######
####.###..........
§§§...##.#####.####
§≈≈≈≈.##.# #.#
§≈≈≈≈.##.# #.. .#
≈.⌠≈≈.##.# #### .#
§>_≈≈.##.####### #.#
§≈≈§≈.##........###..#


You could see a gnoll and a hobgoblin.

Vanquished Creatures
  A hound skeleton (D:2)
  Robin (D:2)
  6 gnolls
  4 adders
  A worm (D:2)
  8 leopard geckos
  An orc (D:3)
  6 bats
  7 giant cockroaches
  16 goblins
  10 hobgoblins
  5 kobolds
  2 ball pythons (D:1)
  2 frilled lizards (D:2)
  12 rats
82 creatures vanquished.

Notes
Turn   | Place    | Note
-------+----------+-------------------------------------------
     0 | D:1      | Gadfly the Ogre Gladiator began the quest for the Orb.
     0 | D:1      | Reached XP level 1. HP: 22/22 MP: 1/1
    57 | D:1      | Reached XP level 2. HP: 13/29 MP: 2/2
   363 | D:1      | Reached skill level 1 in Invocations
   479 | D:1      | Reached XP level 3. HP: 31/36 MP: 3/3
   649 | D:1      | Reached skill level 1 in Evocations
   878 | D:1      | Reached skill level 1 in Armour
  1218 | D:2      | Noticed Robin
  1227 | D:2      | Killed Robin
  1228 | D:2      | Reached XP level 4. HP: 27/44 MP: 5/5
  1596 | D:2      | Reached skill level 3 in Maces & Flails
  1853 | D:2      | Found an ornate altar of the Wu Jian Council.
  2533 | D:2      | Reached XP level 5. HP: 47/50 MP: 6/6
  3440 | D:3      | Found an ancient bone altar of Kikubaaqudgha.
  3498 | D:3      | Slain by a gnoll

Illustrated notes

Levels and vault maps discovered:
D:1:      scummos_arrival_simple_fountains, layout_rooms, roderic_roman_lattice
D:2:      minmay_general_purpose_star, layout_basic, lemuel_doored_altar,
          uniq_robin
D:3:      layout_loops_ring, minmay_overflow_temple_star_quad,
          general_overflow_altar

Skill      XL: |  1  2  3  4  5 |
---------------+----------------+-----
Invocations    | 1 2 |  2.5
Evocations     | 1 2 |  2.1
Armour         | 1 2 |  2.1
Maces & Flails | 3 |  3.2
Fighting       | |  2.6
Throwing       | |  2.6
Dodging        | |  2.6

Action                   |  1- 3 |  4- 6 || total
-------------------------+-------+-------++-------
Melee: Flail             |    93 |    93 ||   186
       Morningstar       |       |    58 ||    58
Throw: Stone             |     4 |       ||     4
  Use: Scroll            |     1 |     7 ||     8
       Potion            |       |     1 ||     1
 Stab: Sleeping          |     1 |       ||     1
Armor: Robe              |    24 |     7 ||    31
       Animal skin       |       |    33 ||    33
Dodge: Dodged            |    69 |    89 ||   158
